AoeStats
← BigCabanossi

Arabia

505838342Analyzed
2v2 RM · 22d ago on Sep 11, 2026· 65m 39s· 4 players
Game mode
Random Map
Map size
Medium (4 player)
Population
200
Speed
Normal
Resources
Standard
Victory
Conquest
Starting age
Dark Age
Ending age
Imperial Age
RankedLock teamsTeams togetherTeam positionsShared explorationLock speedFull tech treeHidden civsTurbo modeCheats
Victory
Defeat
🇦🇺 Magyars · Australia
751
+29
🇦🇺 Japanese · Australia
733
+37
🇮🇳 Ethiopians · India
851
-21
🇷🇺 Malians · Russia
792
-18
PINEAPPLE
8:17 Loom
10:35 Feudal Age
15:33 Castle Age
43:52 Double-Bit Axe
44:01 Horse Collar
51:41 Wheelbarrow
51:29 Squires
53:29 Hand Cart
Jkeeeeeeeeeeeeee
0:46 Loom
12:19 Feudal Age
15:27 Double-Bit Axe
18:42 Castle Age
16:36 Horse Collar
17:15 Gold Mining
18:04 Stone Mining
18:20 Fletching
20:09 Bow Saw
22:26 Fervor
22:57 Heavy Plow
26:31 Squires
27:01 Pikeman
29:24 Sanctity
29:48 Wheelbarrow
30:10 Forging
31:45 Ballistics
31:07 Treadmill Crane
31:23 Murder Holes
31:26 Bodkin Arrow
32:52 Redemption
33:28 Arson
39:20 Imperial Age
38:33 Hand Cart
38:27 Tigui
39:52 Padded Archer Armor
40:28 Iron Casting
41:24 Block Printing
41:35 Conscription
41:59 Elite Gbeto
44:49 Crop Rotation
44:57 Gold Shaft Mining
45:00 Stone Shaft Mining
45:07 Stone Shaft Mining
44:36 Town Watch
45:41 Elite Skirmisher
47:26 Chemistry
46:46 Leather Archer Armor
46:32 Scale Mail Armor
47:42 Farimba
50:03 Hoardings
50:36 Ring Archer Armor
50:27 Caravan
57:23 Bloodlines
56:34 Light Cavalry
64:25 Theocracy
N3PHO
7:11 Loom
9:53 Feudal Age
10:28 Double-Bit Axe
11:32 Horse Collar
20:13 Castle Age
19:20 Scale Barding Armor
20:40 Bloodlines
21:43 Husbandry
24:33 Bow Saw
27:28 Chain Barding Armor
28:58 Stone Mining
29:01 Fletching
29:30 Scale Mail Armor
30:38 Heavy Plow
30:42 Gold Mining
33:04 Wheelbarrow
35:47 Corvinian Army
37:14 Caravan
38:09 Town Watch
41:03 Hand Cart
44:33 Imperial Age
43:16 Town Patrol
44:32 Bodkin Arrow
46:18 Two-Man Saw
45:56 Crop Rotation
45:06 Elite Magyar Huszar
46:23 Conscription
48:03 Plate Barding Armor
49:21 Treadmill Crane
50:02 Ballistics
50:45 Chemistry
52:28 Bracer
52:53 Murder Holes
56:14 Cavalier
BigCabanossi
10:34 Feudal Age
10:47 Man-at-Arms
11:16 Arson
14:00 Horse Collar
14:09 Double-Bit Axe
16:16 Loom
23:57 Wheelbarrow
27:43 Castle Age
26:03 Fletching
29:09 Bow Saw
29:03 Heavy Plow
28:27 Crossbowman
29:22 Forging
30:05 Caravan
30:17 Padded Archer Armor
31:40 Thumb Ring
33:11 Hand Cart
33:58 Scale Mail Armor
39:31 Gold Mining
39:34 Stone Mining
41:26 Iron Casting
44:48 Imperial Age
44:32 Coinage
45:15 Capped Ram
45:45 Arbalester
48:55 Two-Man Saw
49:17 Blast Furnace
48:43 Elite Samurai
Connection lost

Rejoining the realm…

Still unreachable

The connection could not be restored.

Session expired

The server has moved on; the page needs a fresh start.